 Dungeon Crawl Stone Soup version 0.19.5 (webtiles) character file.

43 tidbits the Skirmisher (level 3, 4/25 HPs)
             Began as a High Elf Wanderer on Aug 8, 2017.
             Quit the game on level 2 of the Dungeon.
             The game lasted 00:04:18 (553 turns).

tidbits the Skirmisher (High Elf Wanderer)           Turns: 553, Time: 00:04:18

Health: 4/25       AC:  2    Str: 11    XL:     3   Next: 37%
Magic:  4/4        EV: 12    Int: 13    God:
Gold:   32         SH:  5    Dex: 18    Spells: 1 memorised, 1 level left

rFire  + . .     SeeInvis +     e - +0 dagger
rCold  . . .     Gourm    .     B - +0 robe
rNeg   . . .     Faith    .     D - +1 buckler
rPois  .         Spirit   .     (no helmet)
rElec  .         Reflect  .     (no cloak)
rCorr  .         Harm     .     (no gloves)
MR     .....                    (no boots)
Stlth  ++........               (no amulet)
                                g - ring of protection from fire
                                I - ring of see invisible

@: lethally poisoned (4 -> 0)
A: no striking features
a: no special abilities


You were on level 2 of the Dungeon.
You were not hungry.

You visited 1 branch of the dungeon, and saw 2 of its levels.

You collected 32 gold pieces.

Inventory:

Hand Weapons
 e - a +0 dagger (weapon)
 k - a +0 short sword
   (You found it on level 1 of the Dungeon)
Missiles
 j - 42 stones (quivered)
 l - 10 bolts
Armour
 B - a +0 robe (worn)
 D - a +1 buckler (worn)
Jewellery
 g - a ring of protection from fire (right hand)
   (You found it on level 1 of the Dungeon)
 I - a ring of see invisible (left hand)
   (You found it on level 1 of the Dungeon)
 L - an uncursed ring of flight
   (You found it on level 1 of the Dungeon)
Scrolls
 c - a scroll of noise {unknown}
 d - 2 scrolls of enchant armour
 i - 2 scrolls of identify {unknown}
Books
 a - a book of Minor Magic

   Spells                             Type                      Level
   a - Magic Dart                     Conjuration                  1
   b - Blink                          Translocation                2
   c - Call Imp                       Summoning                    2
   d - Repel Missiles                 Charms/Air                   2
   e - Slow                           Hexes                        2
   f - Conjure Flame                  Conjuration/Fire             3
   g - Mephitic Cloud                 Conjuration/Poison/Air       3
 b - the Almanac of Creation

   Spells                             Type                      Level
   a - Summon Butterflies             Summoning                    1
   b - Call Canine Familiar           Summoning                    3
Comestibles
 f - a bread ration
 h - 3 fruits


   Skills:
 + Level 2.9 Fighting
   Level 1.0 Staves
 - Level 1.0 Throwing
 - Level 2.1 Dodging
 - Level 1.1 Stealth
 + Level 1.6 Shields
 - Level 1.7 Summonings
   Level 1.0 Poison Magic


You had one spell level left.
You knew the following spells:

 Your Spells              Type           Power        Failure   Level  Hunger
P - Summon Butterflies    Summ           #.......     21%         1    ##.....


Dungeon Overview and Level Annotations

Branches:
Dungeon (2/15)

Altars:


Message History

Confirm with . or Enter, or press ? or * to list all spells.
The hobgoblin hits you but does no damage.
You swap places.
The hobgoblin completely misses your butterfly.
The hobgoblin completely misses your butterfly.
The hobgoblin hits your butterfly with a club.
Your butterfly dies!
You see here a club.
Casting: Summon Butterflies
Confirm with . or Enter, or press ? or * to list all spells.
The hobgoblin hits your butterfly.
Your butterfly dies!
You swap places.
The hobgoblin completely misses your butterfly.
The hobgoblin completely misses your butterfly. x2
There is a stone staircase leading down here.
You climb downwards.
There is a stone staircase leading up here.
Found 18 stones.
A rat comes into view.
Found 10 gold pieces.
You hit the rat.
You kill the rat!
You see here a rat corpse.
Okay, then.
Unknown command.
j - 42 stones (gained 18)
A goblin comes into view. It is wielding a dagger.
Found a stone staircase leading down.
You see here 10 gold pieces.
You now have 23 gold pieces (gained 10).
You hit the goblin.
The goblin is moderately wounded.
The goblin hits you but does no damage.
You hit the goblin but do no damage.
The goblin is moderately wounded.
The goblin hits you with a dagger.
* * * LOW HITPOINT WARNING * * *
You hit the goblin.
You kill the goblin!
You see here a dagger.
There is a stone staircase leading down here.
Found a scroll labeled LEAS VEUXKUVUI.
Found 9 gold pieces.
A leopard gecko and a goblin come into view.
The helpless leopard gecko fails to defend itself.
You puncture the leopard gecko!
You kill the leopard gecko!
The goblin hits you with a club.
* * * LOW HITPOINT WARNING * * *
You hit the goblin.
You kill the goblin!
Things that are here:
a club; a goblin corpse
i - 2 scrolls labeled LEAS VEUXKUVUI (gained 1)
Found 10 bolts.
You now have 32 gold pieces (gained 9).
An adder comes into view.
The adder hisses angrily.
Found a mace.
A bat comes into view.
The bat moves out of view.
You see here 10 bolts.
l - 10 bolts The adder bites you but does no damage.
You block the bat's attack. You block the bat's attack. The bat misses you.
The adder closely misses you. The bat barely misses you. The bat hits you.
* * * LOW HITPOINT WARNING * * *
The bat barely misses you. The bat hits you.
* * * LOW HITPOINT WARNING * * *
Casting: Summon Butterflies
Confirm with . or Enter, or press ? or * to list all spells.
You block the bat's attack.
You swap places.
The adder bites your butterfly.
Your butterfly dies!
The bat misses you. The bat misses you. The adder closely misses you.
The bat hits you but does no damage. The bat completely misses you.
The bat hits you but does no damage.
You hit the bat.
The bat is severely wounded.
The bat barely misses you. The adder bites you.
* * * LOW HITPOINT WARNING * * *
You aren't carrying any items that you can evoke.
You aren't carrying any potions.
Unknown command.
Okay, then.
You hit the adder but do no damage. The adder bites you.
* * * LOW HITPOINT WARNING * * *
You are lethally poisoned!
The adder poisons you!
You aren't carrying any potions.
Unknown command.
Are you sure you want to abandon this character and quit the game? (Confirm with "yes".)

#.....# #.....# #.....#
#.b...# #..b..# #.....#
##b#### #.# #S# #.# +.
#@# #.# ##..###+##
#.####### ..#......#
#.......# #........#
#.......#
.........#######.......+
......#.........<......#
......#................+
...............##......#
#+#####.######.#######..


You could see an adder and a bat.

Vanquished Creatures
  A gnoll (D:1)
  An adder (D:2)
  A dart slug (D:1)
  4 leopard geckos
  4 goblins
  A hobgoblin (D:1)
  2 kobolds (D:1)
  A ball python (D:1)
  A bat (D:1)
  2 frilled lizards (D:1)
  3 rats
21 creatures vanquished.

Notes
Turn   | Place    | Note
-------+----------+-------------------------------------------
     0 | D:1      | tidbits the High Elf Wanderer began the quest for the Orb.
     0 | D:1      | tidbits set off with: a book of Minor Magic, the Almanac of Creation, a +0 buckler, a +0 robe, a +0 dagger, a bread ration
     0 | D:1      | Reached XP level 1. HP: 13/13 MP: 2/2
     0 | D:1      | Identified the Almanac of Creation
   107 | D:1      | Reached skill level 2 in Fighting
   107 | D:1      | Reached XP level 2. HP: 12/19 MP: 3/3
   110 | D:1      | Learned a level 1 spell: Summon Butterflies
   293 | D:2      | Reached XP level 3. HP: 21/25 MP: 2/4
   553 | D:2      | Quit the game

Skill      XL: |  1 |
---------------+----+-----
Fighting       | 2 |  2.9
Staves         | |  1.0
Throwing       | |  1.0
Dodging        | |  2.1
Stealth        | |  1.1
Shields        | |  1.6
Summonings     | |  1.7
Poison Magic   | |  1.0

Action                   || total
-------------------------++-------
Melee: Dagger            ||    91
 Cast: Summon Butterflie ||     4
  Use: Scroll            ||     1
 Stab: Sleeping          ||     3
Armor: Robe              ||    15
Dodge: Dodged            ||    46
Block: Buckler           ||    26

Table legend:
 A = Turns spent in this place as a percentage of turns spent in the entire game.
 B = Non-inter-level travel turns spent in this place as a percentage of non-inter-level travel turns spent in the entire game.
 C = Inter-level travel turns spent in this place as a percentage of turns spent in this place.
 D = Turns resting spent in this place as a percentage of non-inter-level travel turns spent in this place.
 E = Turns spent auto-exploring this place as a percentage of non-inter-level travel turns spent in this place.
 F = Non-inter-level travel turns spent in this place divided by the number of levels of this place that you've seen.
                   A       B       C       D       E      F
               +-------+-------+-------+-------+-------+----------------------
         Total | 100.0 | 100.0 |   0.0 |   0.0 |   0.0 | 271.5
       Dungeon | 100.0 | 100.0 |   0.0 |   0.0 |   0.0 | 271.5
               +-------+-------+-------+-------+-------+----------------------

Table legend:
 A = Kills in this place as a percentage of kills in entire the game.
 B = Kills by you in this place as a percentage of kills by you in the entire game.
 C = Kills by friends in this place as a percentage of kills by friends in the entire game.
 D = Other kills in this place as a percentage of other kills in the entire game.
 E = Experience gained in this place as a percentage of experience gained in the entire game.
 F = Experience gained in this place divided by the number of levels of this place that you have seen.
                   A       B       C       D       E      F
               +-------+-------+-------+-------+-------+----------------------
         Total | 100.0 | 100.0 |  -nan |  -nan | 100.0 |  31.0
       Dungeon | 100.0 | 100.0 |  -nan |  -nan | 100.0 |  31.0
               +-------+-------+-------+-------+-------+----------------------

Vault maps used:
D:1:      onia_arrival_pyramid
D:2:      nicolae_overflow_quartered_altars
